Map: Fracture LE

Players

Woogie - Winner!

  • Race: Zerg Zerg
  • League: Diamond
  • Spawn Location: 11:00

GoodbyeKitty

  • Race: Zerg Zerg
  • League: Diamond
  • Spawn Location: 5:00

VOD

Have the link to the VOD?

Description

Put to use some insight my buddy Neuro taught me on how to defend this cheese.

Time

  • Played on: Sept. 15, 2018, 3:46 p.m.
  • Length: 3:10
Show
View Real Time Build Order
Export as new Build Order

Woogie Zerg - Winner!

Build Orders: Hatch First 

Get SALT Encoding   

  12  0:01  Drone  
  13  0:13  Overlord  
  13  0:18  Drone  
  14  0:31  Drone x2  
  16  0:42  Drone  
  17  0:52  Hatchery  
  17  0:55  Drone  
  17  1:09  Spawning Pool  
  16  1:13  Extractor  
  16  1:14  Drone  
  16  1:22  Drone x2  
  18  1:28  Drone  
  20  2:00  Queen  
  22  2:03  Overlord x2  
  22  2:11  Spine Crawler  
  22  2:14  Spine Crawler x2  
  15  2:23  Zergling x4  
  17  2:36  Zergling x2  
Show
View Real Time Build Order
Export as new Build Order

GoodbyeKitty Zerg 

Build Orders: Pool Only 

Get SALT Encoding   

  12  0:01  Drone  
  13  0:23  Spawning Pool  
  13  0:24  Drone  
  13  0:33  Overlord  
  13  0:39  Drone  
  14  0:55  Drone  
  15  1:10  Zergling x6  
  18  1:21  Zergling x2  
  19  1:38  Zergling x2  
  20  1:43  Zergling x2  
  19  2:16  Spine Crawler  
  19  2:17  Spine Crawler  
  19  2:19  Spine Crawler  
  19  2:20  Spine Crawler  
  10  2:40  Spine Crawler  
  10  2:41  Spine Crawler  
  7  2:48  Spine Crawler  
Tags
 
Add a new tag
Caveats
  • Supply blocks, unpowered buildings, or Contaminate may cause inaccurate times.
  • Supply counts are checked every 10 seconds.